 Dungeon Sprint DCSS version 0.31-a0-366-ga77b45bd9b (webtiles) character file.

Game seed: 772886633646667888

2991 Conn the Arsonist (level 9, -6/56 HPs)
             Began as an Octopode Fire Elementalist on July 28, 2023.
             Was a High Priest of Sif Muna.
             Killed from afar by a deep elf zephyrmancer (36 damage)
             ... with a bolt of lightning
             ... in the Dungeon (Sprint III: "The Ten Rune Challenge").
             The game lasted 00:11:45 (1744 turns).

Conn the Arsonist (Octopode Fire Elementalist)      Turns: 1744, Time: 00:11:46

Health: -6/56      AC:  3    Str:  8    XL:     9   Next: 83%
Magic:  19/24      EV: 14    Int: 21    God:    Sif Muna [*****.]
Gold:   2825       SH:  0    Dex: 12    Spells: 5/30 levels left

rFire   . . .        e - +0 long sword (holy)
rCold   . . .        (no shield)
rNeg    . . .        (helmet restricted)
rPois   .            (no amulet)
rElec   .            (no ring)
rCorr   .            (no ring)
SInv    .            (no ring)
Will    .....        (no ring)
Stlth   ++++         (no ring)
HPRegen 0.29/turn    (no ring)
MPRegen 0.19/turn    (no ring)
                     (no ring)

%: no teleportation
@: no status effects
A: almost no armour, amphibious, 8 rings, camouflage 1, gelatinous body 1,
(nimble swimmer 1), tentacles, tentacle spike 1, iridescent scales 1, robust 1
a: Renounce Religion, Channel Magic, Forget Spell, Divine Exegesis


You were in the Dungeon.
You worshipped Sif Muna.
Sif Muna was extremely pleased with you.
You visited 1 branch You collected 2825 gold pieces.

Inventory:

Hand Weapons
 e - a +0 long sword of holy wrath (weapon)
 g - a +0 dagger
Wands
 d - a wand of mindburst (10)
Scrolls
 h - a scroll of enchant armour {unknown}
 i - a scroll of torment {unknown}
 j - 2 scrolls of identify {unknown}
 l - a scroll of immolation {unknown}
Potions
 a - 2 potions of magic
 b - 2 potions of curing
 k - 4 potions of enlightenment
 m - 2 potions of mutation
Miscellaneous
 n - a sack of spiders


   Skills:
 + Level 1.4(1.5) Short Blades
 + Level 0.5(1.1) Long Blades
 + Level 5.2 Dodging
 - Level 6.6 Stealth
 + Level 11.3 Spellcasting
 + Level 8.0 Conjurations
 + Level 3.0 Hexes
 + Level 13.5 Fire Magic
 * Level 7.6 Air Magic
 + Level 0.5 Evocations


You had 5 spell levels left.
You knew the following spells:

 Your Spells              Type           Power      Damage    Failure   Level
a - Foxfire               Conj/Fire      100%       2x1d9     1%          1
b - Scorch                Fire           100%       2d9       1%          2
c - Inner Flame           Hex/Fire       46%        N/A       1%          3
d - Flame Wave            Conj/Fire      55%        2d13      1%          4
e - Plasma Beam           Fire/Air       27%        2x1d39    11%         6
f - Starburst             Conj/Fire      27%        6d9       11%         6
g - Hailstorm             Conj/Ice       28%        3d8       3%          3

Your spell library contained the following spells:

 Spells                   Type           Power      Damage    Failure   Level
 Volatile Blastmotes      Fire/Tloc      80%        2d16      1%          3
 Vhi's Electric Charge    Tloc/Air       54%        N/A       3%          3
 Arcjolt                  Conj/Air       22%        1d32      6%          5
 Petrify                  Tmut/Erth      11%        N/A       50%         4
 Chain Lightning          Conj/Air       22%        3d29      100%        9
 Fire Storm               Conj/Fire      27%        8d7       100%        9
 Shatter                  Erth           5%         3d8*      100%        9


Dungeon Overview and Level Annotations

Branches:
Dungeon (1/1)

Altars:
Cheibriados
Dithmenos
Elyvilon
Fedhas
Gozag
Hepliaklqana
Kikubaaqudgha
Makhleb
Nemelex Xobeh
Okawaru
Qazlal
Ru
Sif Muna
Trog
Uskayaw
Vehumet
Wu Jian
Xom
Yredelemnul
Zin
The Shining One
Jiyva
Lugonu

Shops:
D [


Innate Abilities, Weirdness & Mutations

You cannot wear most types of armour.
You are amphibious.
You can wear up to eight rings at the same time.
Your skin changes colour to match your surroundings (Stealth+).
Your rubbery body absorbs attacks. (AC +1, EV +1)
((You are camouflaged when in or above water. (Stealth+)))
You have tentacles for arms and can constrict up to eight enemies at once.
One of your tentacles bears a spike.
You are partially covered in iridescent scales. (AC +2)
You are robust. (+10% HP)


Message History

There is an open door to the Elven Halls here.
Unknown command.
The deep elf knight shouts!
You start resting.
Magic restored.
Casting: Scorch (safe; 1% risk of failure)
Confirm with . or Enter, or press ? or * to list all spells.
Okay, then.
A deep elf zephyrmancer opens the door.
Casting: Scorch (safe; 1% risk of failure)
Confirm with . or Enter, or press ? or * to list all spells.
Okay, then.
Casting: Scorch (safe; 1% risk of failure)
Confirm with . or Enter, or press ? or * to list all spells.
You conjure some foxfire!
Casting: Foxfire (safe; 1% risk of failure)
Confirm with . or Enter, or press ? or * to list all spells.
Aiming: Inner Flame (safe; 1% risk of failure)
Press: ? - help, Dir - move target, f - deep elf zephyrmancer
Aim: a deep elf zephyrmancer, wielding a +3 rapier (chance to affect: 82%)
The deep elf zephyrmancer is filled with an inner flame.
The foxfire hits the deep elf zephyrmancer.
Flame seeps out of the deep elf zephyrmancer.
The deep elf zephyrmancer is lightly wounded.
The deep elf zephyrmancer is engulfed in blazing flames.
Flame seeps out of the deep elf zephyrmancer.
The deep elf zephyrmancer casts a spell at you.
The bolt of lightning hits you!!
You hear a shout! x2
Unknown command.
Casting: Inner Flame (safe; 1% risk of failure)
Confirm with . or Enter, or press ? or * to list all spells.
You conjure some foxfire!
The deep elf zephyrmancer is engulfed in blazing flames.
Flame seeps out of the deep elf zephyrmancer.
The deep elf zephyrmancer gestures at you while chanting.
The bolt of lightning hits your foxfire!!
The bolt of lightning hits you!!!
Ouch! That really hurt!
You die...

▓▓▓▓▓▓▓▓▓▓
######.#.##.#.########
_#__#.#∩#......vv#...#
.#._#.).......##@#...##≈
##'##))).......#v#e..≈≈≈
..).#))).....###.#ee.##≈
....#.#[.##.## #.ee..#
###'#)###.....########
#...#'#########
#...#..§)~'.#
#...#.#~§§#.#
#...'.#.§.#


You could see a deep elf knight and 4 deep elf zephyrmancers.

Vanquished Creatures
  Josephine (D)
  An orc high priest (D)
  A deep elf pyromancer (D)
  An orc sorcerer (D)
  A shadow (D)
  A spatial vortex (D)
  An orc warrior (D)
  A necrophage (D)
  A water elemental (D)
  A jelly (D)
  3 orc priests (D)
  A wizard (D)
  A necromancer (D)
  3 humans (D)
  A kobold demonologist (D)
  A phantom (D)
  12 orcs (D)
  An endoplasm (D)
  3 rats (D)
36 creatures vanquished.

Vanquished Creatures (others)
  152 foxfires (D)
152 creatures vanquished.

Grand Total: 188 creatures vanquished

Notes
Turn   | Place    | Note
-------+----------+-------------------------------------------
     0 | D        | Conn the Octopode Fire Elementalist began the quest for the
                  | Orb.
     0 | D        | Reached XP level 1. HP: 11/11 MP: 3/3
   128 | D        | Reached skill level 4 in Fire Magic
   128 | D        | Reached XP level 2. HP: 17/17 MP: 0/5
   179 | D        | Learned a level 2 spell: Scorch
   203 | D        | Reached skill level 5 in Fire Magic
   203 | D        | Reached XP level 3. HP: 21/21 MP: 0/7
   294 | D        | Gained mutation: Your body sometimes deteriorates upon
                  | taking damage. [potion of mutation]
   294 | D        | Gained mutation: Your spells are a little easier to cast,
                  | but a little less powerful. [potion of mutation]
   294 | D        | Gained mutation: Your muscles are strong. (Str +4, Int/Dex
                  | -1) [potion of mutation]
   295 | D        | Lost mutation: Your muscles are strong. (Str +4, Int/Dex
                  | -1) [potion of mutation]
   295 | D        | Lost mutation: Your body sometimes deteriorates upon taking
                  | damage. [potion of mutation]
   295 | D        | Lost mutation: Your spells are a little easier to cast, but
                  | a little less powerful. [potion of mutation]
   295 | D        | Gained mutation: Your spells are a little easier to cast,
                  | but a little less powerful. [potion of mutation]
   295 | D        | Gained mutation: You have an increased reservoir of magic.
                  | (+10% MP) [potion of mutation]
   295 | D        | Gained mutation: You are partially covered in iridescent
                  | scales. (AC +2) [potion of mutation]
   296 | D        | Lost mutation: You have an increased reservoir of magic.
                  | (+10% MP) [potion of mutation]
   296 | D        | Lost mutation: Your spells are a little easier to cast, but
                  | a little less powerful. [potion of mutation]
   296 | D        | Lost mutation: You are partially covered in iridescent
                  | scales. (AC +2) [potion of mutation]
   296 | D        | Gained mutation: One of your tentacles bears a spike.
                  | [potion of mutation]
   296 | D        | Gained mutation: You are partially covered in iridescent
                  | scales. (AC +2) [potion of mutation]
   296 | D        | Gained mutation: You are robust. (+10% HP) [potion of
                  | mutation]
   315 | D        | Learned a level 3 spell: Inner Flame
   316 | D        | Noticed a water elemental
   324 | D        | Killed a water elemental
   325 | D        | Reached skill level 6 in Fire Magic
   325 | D        | Reached XP level 4. HP: 22/29 MP: 0/10
   396 | D        | Learned a level 4 spell: Flame Wave
   408 | D        | Found a hide-covered altar of Uskayaw.
   408 | D        | Found a bloodstained altar of Trog.
   408 | D        | Found an ornate altar of the Wu Jian Council.
   409 | D        | Noticed a human
   409 | D        | Noticed a human
   426 | D        | Killed a human
   427 | D        | Reached skill level 5 in Stealth
   427 | D        | Reached skill level 8 in Fire Magic
   427 | D        | Reached XP level 5. HP: 34/34 MP: 2/13
   427 | D        | Reached XP level 6. HP: 39/39 MP: 2/15
   444 | D        | Killed a human
   445 | D        | Reached skill level 9 in Fire Magic
   672 | D        | Found a radiant altar of Vehumet.
   672 | D        | Found a shimmering blue altar of Sif Muna.
   672 | D        | Found an ancient bone altar of Kikubaaqudgha.
   677 | D        | Reached skill level 10 in Fire Magic
   682 | D        | Became a worshipper of Sif Muna the Loreminder
   687 | D        | Found an iron altar of Okawaru.
   696 | D        | Found a basalt altar of Yredelemnul.
   696 | D        | Found a shadowy altar of Dithmenos.
   696 | D        | Found a sacrificial altar of Ru.
   700 | D        | Reached XP level 7. HP: 45/45 MP: 12/18
   744 | D        | Found a glowing silver altar of Zin.
   744 | D        | Found a glowing golden altar of the Shining One.
   744 | D        | Found a white marble altar of Elyvilon.
   756 | D        | Learned a level 6 spell: Plasma Beam
   763 | D        | Noticed a deep elf pyromancer
   769 | D        | Noticed a fire elemental
   769 | D        | Killed a deep elf pyromancer
   769 | D        | Reached * piety under Sif Muna
   770 | D        | Reached skill level 1 in Short Blades
   770 | D        | Reached skill level 5 in Dodging
   770 | D        | Reached skill level 5 in Conjurations
   770 | D        | Reached skill level 11 in Fire Magic
   770 | D        | Reached XP level 8. HP: 41/50 MP: 4/20
   874 | D        | Noticed a shadow
   877 | D        | Killed a shadow
   935 | D        | Found a blossoming altar of Fedhas.
   935 | D        | Found a stormy altar of Qazlal.
   935 | D        | Found a snail-covered altar of Cheibriados.
   935 | D        | Found a burning altar of Makhleb.
   935 | D        | Found a shimmering altar of Xom.
   936 | D        | Found a hazy altar of Hepliaklqana.
   936 | D        | Found an opulent altar of Gozag.
   936 | D        | Found a sparkling altar of Nemelex Xobeh.
   936 | D        | Found a corrupted altar of Lugonu.
   936 | D        | Found a viscous altar of Jiyva.
  1210 | D        | Reached ** piety under Sif Muna
  1287 | D        | Noticed Josephine
  1295 | D        | Killed Josephine
  1296 | D        | Reached skill level 10 in Spellcasting
  1296 | D        | Reached skill level 12 in Fire Magic
  1296 | D        | Reached XP level 9. HP: 56/56 MP: 7/23
  1389 | D        | Found Quirag's Antique Armour Emporium.
  1403 | D        | Reached *** piety under Sif Muna
  1403 | D        | Reached **** piety under Sif Muna
  1404 | D        | Reached skill level 1 in Hexes
  1444 | D        | Noticed an orc high priest
  1507 | D        | Killed an orc high priest
  1508 | D        | Reached skill level 13 in Fire Magic
  1514 | D        | Noticed an orc sorcerer
  1533 | D        | Killed an orc sorcerer
  1599 | D        | Reached ***** piety under Sif Muna
  1599 | D        | Received a gift from Sif Muna
  1604 | D        | Got Sif Muna's Tome of Amorphous Percussion {god gift}
  1625 | D        | Learned a level 6 spell: Starburst
  1629 | D        | Learned a level 3 spell: Hailstorm
  1715 | D        | Noticed a deep elf zephyrmancer
  1715 | D        | Noticed a deep elf knight
  1715 | D        | Noticed a deep elf zephyrmancer
  1715 | D        | Noticed a deep elf zephyrmancer
  1715 | D        | Noticed a deep elf zephyrmancer
  1744 | D        | Killed from afar by a deep elf zephyrmancer

Illustrated notes

Levels and vault maps discovered:
D:        dungeon_sprint_mu [sprint_mu_entry_forest, sprint_mu_temple_rooms,
          sprint_mu_d1_horrors, sprint_mu_d2_genie, sprint_mu_d3_branching,
          sprint_mu_orc_legion, sprint_mu_elf_gauntlet, sprint_mu_hive_nellie,
          sprint_mu_lair_fedhas, sprint_mu_vaults_butterflies,
          sprint_mu_slime_circle, sprint_mu_shoals_kraken,
          sprint_mu_snake_twists, sprint_mu_blade_basic,
          sprint_mu_crypt_fortress, sprint_mu_tomb_spiral,
          sprint_mu_vestibule_basic, sprint_mu_gehenna_hellfire,
          sprint_mu_dis_giant, sprint_mu_tartarus_statrot,
          sprint_mu_cocytus_islands, sprint_mu_zot1]

Skill      XL: |  1  2  3  4  5  6  7  8  9 |
---------------+----------------------------+-----
Stealth        | 3 4 5 6 |  6.6
Fire Magic     | 4 5 6 8 10 11 12 13 | 13.5
Spellcasting   | 3 4 6 7 8 10 11 | 11.3
Dodging        | 3 4 5 |  5.2
Conjurations   | 2 3 4 5 7 8 |  8.0
Short Blades   | 1 |  1.4
Air Magic      | 3 6 7 |  7.6
Hexes          | 3 |  3.0
Long Blades    | |  0.5
Evocations     | |  0.5

Action                     |  1- 3 |  4- 6 |  7- 9 || total
---------------------------+-------+-------+-------++-------
  Melee: Dagger            |     3 |     2 |       ||     5
         Kick              |     3 |       |     1 ||     4
         Long sword        |       |       |     1 ||     1
   Cast: Foxfire           |    16 |     6 |    70 ||    92
         Scorch            |     2 |     3 |    20 ||    25
         Flame Wave        |       |     1 |     4 ||     5
         Inner Flame       |       |       |    10 ||    10
         Hailstorm         |       |       |     1 ||     1
  Evoke: Wand              |       |       |     1 ||     1
    Use: Potion            |     4 |     1 |     2 ||     7
         Scroll            |       |       |     1 ||     1
   Stab: Sleeping          |       |     2 |       ||     2
 Armour: Skin              |       |     1 |       ||     1
  Dodge: Dodged            |     2 |     2 |     3 ||     7

Table legend: (Time is in decaauts)
 A = Elapsed time spent in this place.
 B = Non-inter-level travel time spent in this place.
 C = Inter-level travel time spent in this place.
 D = Time resting spent in this place.
 E = Time spent auto-exploring this place.
 F = Levels seen in this place.
 G = Mean time per level.
                   A        B        C        D        E       F      G
               +--------+--------+--------+--------+--------+-----+--------+
         Total |   1733 |   1733 |      0 |   1009 |      0 |   1 | 1733.0 |
       Dungeon |   1733 |   1733 |      0 |   1009 |      0 |   1 | 1733.0 |
               +--------+--------+--------+--------+--------+-----+--------+

Top non-repeatable levels by time:
       D: 1733 daAuts
